 Dungeon Crawl Stone Soup version 0.31.0-9-g3a7656b989 (webtiles) character file.

Game seed: 6464812227068485121

1002 DemonSlayer the Magician (level 8, -11/54 HPs)
             Began as a Demonspawn Earth Elementalist on Jan 24, 2024.
             Killed from afar by a steam dragon (27 damage)
             ... with a ball of steam
             ... on level 5 of the Dungeon.
             The game lasted 00:11:30 (5048 turns).

DemonSlayer the Magician (DsEE)                     Turns: 5048, Time: 00:11:30

Health: -11/54     AC:  2    Str:  8    XL:     8   Next: 0%
Magic:  2/16       EV: 13    Int: 16    God:
Gold:   190        SH:  0    Dex: 16    Spells: 14/18 levels left

rFire   . . .        q - +2 short sword (vamp)
rCold   . . .        (no shield)
rNeg    . . .        a - +0 robe
rPois   .            (no helmet)
rElec   .            (no cloak)
rCorr   .            (no gloves)
SInv    .            (no boots)
Will    .....        (no amulet)
Stlth   ++           (no ring)
HPRegen 0.29/turn    (no ring)
MPRegen 0.30/turn

%: no passive effects
@: no status effects
A: icemail 1, magic regeneration, condensation shield, weakness stinger 1
a: no special abilities


You were on level 5 of the Dungeon.
You visited 1 branch of the dungeon, and saw 5 of its levels.
You also visited: Sewer.

You collected 190 gold pieces.

Inventory:

Hand Weapons
 g - a +2 dagger of venom
 n - a +2 dagger of protection
 q - a +2 vampiric short sword (weapon)
Armour
 a - a +0 robe (worn)
Jewellery
 k - a ring of fire
 p - an amulet of magic regeneration
Scrolls
 b - 2 scrolls of identify {unknown}
 f - a scroll of amnesia {unknown}
 h - a scroll of teleportation {unknown}
 i - a scroll of poison {unknown}
 m - a scroll of revelation {unknown}
 o - 3 scrolls of vulnerability {unknown}
Potions
 c - a potion of ambrosia {unknown}
 d - 3 potions of heal wounds
 e - a potion of lignification {unknown}
 j - 3 potions of haste {unknown}
 l - 2 potions of might {unknown}
 r - a potion of magic
 s - a potion of cancellation {unknown}


   Skills:
 + Level 1.3 Fighting
 + Level 1.1 Short Blades
 + Level 3.0 Dodging
 + Level 2.9 Stealth
 + Level 1.0 Shields
 + Level 0.2 Unarmed Combat
 + Level 5.5 Spellcasting
 + Level 1.8 Conjurations
 + Level 5.5 Earth Magic


You had 14 spell levels left.
You knew the following spells:

 Your Spells              Type           Power      Damage    Failure   Level
a - Sandblast             Erth           44%        2d11      1%          1
b - Stone Arrow           Conj/Erth      32%        3d9       10%         3

Your spell library contained the following spells:

 Spells                   Type           Power      Damage    Failure   Level
 Passwall                 Erth           22%        N/A       4%          3
 Scorch                   Fire           8%         2d5       22%         2
 Brom's Barrelling Bould  Conj/Erth      16%        2d4       32%         4
 Call Canine Familiar     Summ           4%         N/A       41%         3
 Sigil of Binding         Hex            4%         N/A       41%         3
 Petrify                  Alch/Erth      13%        N/A       43%         4
 Flame Wave               Conj/Fire      7%         2d5       69%         4
 Dimensional Bullseye     Hex/Tloc       2%         N/A       82%         4
 Summon Cactus Giant      Summ           2%         N/A       100%        6


Dungeon Overview and Level Annotations

Branches:
Dungeon (5/15)              Sewer (visited)
 Temple: D:4-7

Altars:
Trog

Shops:
D:2 [   D:4 [   D:5 *


Innate Abilities, Weirdness & Mutations

A meltable icy envelope protects you from harm. (AC +0)
You regenerate magic rapidly.
A meltable shield of frost defends you. (SH +0)
You have a small tail.


Message History

You block the orc's attack. The steam dragon breathes steam at you.
The ball of steam hits the orc.
The orc dies!
The ball of steam hits you!!
Your icy defences dissipate!
You are too injured to fight recklessly!
Casting: Stone Arrow (dangerous; 10% risk of failure)
Confirm with . or Enter, or press ? or * to list all spells.
Aiming: Stone Arrow (dangerous; 10% risk of failure)
Press: ? - help, Shift-Dir - straight line, f - steam dragon
Aim: a steam dragon (steam, 68% to hit)
The stone arrow misses the steam dragon.
Casting: Stone Arrow (dangerous; 10% risk of failure)
Confirm with . or Enter, or press ? or * to list all spells.
Aiming: Stone Arrow (dangerous; 10% risk of failure)
Press: ? - help, Shift-Dir - straight line, f/p - steam dragon
Aim: a steam dragon (steam, 68% to hit)
The stone arrow hits the steam dragon!!
The steam dragon is heavily wounded.
The steam dragon bites you. The steam dragon completely misses you.
Casting: Stone Arrow (dangerous; 10% risk of failure)
Confirm with . or Enter, or press ? or * to list all spells.
Aiming: Stone Arrow (dangerous; 10% risk of failure)
Press: ? - help, Shift-Dir - straight line, f/p - steam dragon
Aim: a steam dragon (steam, heavily wounded, 68% to hit)
The stone arrow hits the steam dragon!
The steam dragon is almost dead.
The steam dragon breathes steam at you. The ball of steam hits you!
* * * LOW HITPOINT WARNING * * *
You feel much better.
You are engulfed in a cloud of scalding steam.
The steam dragon bites you!
* * * LOW HITPOINT WARNING * * *
The steam dragon misses you. The steam dragon breathes steam at you.
The ball of steam hits you!!
Ouch! That really hurt!
You die...

....# ##.# ....# ##..#
###.###### #..## #
#......# #####.## #
######.# ### ##.....#
## #.#########.#
#..##### ..#
#........##.### #.##
#.# ########.##...###.#
... #..@ยง.#.##(.# ...
. #####D.....## ...
#?..#.####)#.##########
... #...D....#..#
#.....# .!.
#..)#.####..#.###.....#
.. .
####...#...........# ..
####.....###....#.....#
.. ####....#####
####.#.....# ..
###.....#..#######
#.......#


You could see a steam dragon (catching breath).

Vanquished Creatures
  Sigmund (D:4)
  2 black bears (D:5)
  A phantom (D:4)
  2 kobold brigands (Sewer)
  A scorpion (D:5)
  2 orc priests (D:4)
  2 hounds
  An iguana (D:5)
  5 adders
  4 river rats (Sewer)
  A white imp (D:5)
  3 dart slugs
  2 ribbon worms
  12 orcs
  7 endoplasms
  4 giant cockroaches
  4 goblins
  6 hobgoblins
  13 jackals
  20 kobolds
  8 quokkas
  10 ball pythons
  9 bats
  4 frilled lizards
  27 rats
151 creatures vanquished.

Vanquished Creatures (others)
  An orc (D:5)
1 creature vanquished.

Grand Total: 152 creatures vanquished

Notes
Turn   | Place    | Note
-------+----------+-------------------------------------------
     0 | D:1      | DemonSlayer the Demonspawn Earth Elementalist began the
                  | quest for the Orb.
     0 | D:1      | Reached XP level 1. HP: 13/13 MP: 3/3
   142 | D:1      | Gained mutation: A meltable shield of frost defends you.
                  | (SH +0) [demonic ancestry]
   142 | D:1      | Reached XP level 2. HP: 9/19 MP: 1/5
   857 | D:1      | Gained mutation: You regenerate magic rapidly. [demonic
                  | ancestry]
   857 | D:1      | Reached XP level 3. HP: 13/24 MP: 0/6
   963 | D:1      | Learned a level 3 spell: Stone Arrow
  1358 | D:2      | Found Josm's Antique Armour Emporium.
  1442 | D:2      | Reached XP level 4. HP: 30/30 MP: 6/8
  2777 | D:4      | Noticed Sigmund
  2784 | D:4      | Killed Sigmund
  2785 | D:4      | Gained mutation: A meltable icy envelope protects you from
                  | harm. (AC +0) [demonic ancestry]
  2785 | D:4      | Reached XP level 5. HP: 36/36 MP: 7/10
  2785 | D:4      | Reached XP level 6. HP: 42/42 MP: 7/11
  2864 | D:4      | Noticed an orc warrior
  2865 | D:4      | Noticed an ice beast
  2949 | D:4      | Found Daemaol's Armour Shoppe.
  3676 | D:5      | Entered Level 5 of the Dungeon
  3919 | D:5      | Found a bloodstained altar of Trog.
  4002 | D:5      | Reached skill level 5 in Earth Magic
  4002 | D:5      | Reached XP level 7. HP: 37/47 MP: 10/14
  4011 | D:5      | Reached skill level 5 in Spellcasting
  4011 | D:5      | Found Gikk's General Store.
  4116 | D:5      | Found a glowing drain.
  4127 | Sewer    | Entered a sewer
  4524 | Sewer    | Reached skill level 1 in Fighting
  4790 | Sewer    | Reached skill level 1 in Short Blades
  4790 | Sewer    | Reached skill level 1 in Shields
  5031 | D:5      | Noticed a steam dragon
  5034 | D:5      | Gained mutation: You have a small tail. [demonic ancestry]
  5034 | D:5      | Reached XP level 8. HP: 50/54 MP: 6/16
  5048 | D:5      | Killed from afar by a steam dragon

Illustrated notes

Levels and vault maps discovered:
D:1:      amcnicky_arrival_blooded_trapdoor, layout_basic
D:2:      layout_basic, serial_forest, infiniplex_forest_join,
          infiniplex_forest_end_double, infiniplex_forest_clump_double,
          infiniplex_forest_lined_room_3, infiniplex_forest_lined_3,
          serial_shops, nicolae_shop_tiny_glass, chequers_serial_rivers_room_b,
          minivault_24, palyth_stone_intersect
D:3:      layout_basic, minmay_statues_item
D:4:      layout_basic, lemuel_crystal_altar, mainiacjoe_overflow_alcove_4,
          serial_shops, shop, minmay_misc_feat_cross, lightli_corner_chamber,
          uniq_sigmund
D:5:      minmay_spotlight, layout_rooms, mainiacjoe_overflow_cross_hatched,
          portal_sewer_entry_e, serial_shops, shop

Skill      XL: |  1  2  3  4  5  6  7 |
---------------+----------------------+-----
Dodging        | 2 3 |  3.0
Earth Magic    | 3 4 5 |  5.5
Spellcasting   | 3 4 5 |  5.5
Stealth        | 2 |  2.9
Fighting       | 1 |  1.3
Short Blades   | 1 |  1.1
Shields        | 1 |  1.0
Unarmed Combat | |  0.2
Conjurations   | |  1.8

Action                     |  1- 3 |  4- 6 |  7- 9 || total
---------------------------+-------+-------+-------++-------
  Melee: Unarmed           |    31 |       |       ||    31
         Dagger            |    19 |    31 |    14 ||    64
         Short sword       |       |       |    73 ||    73
         Punch             |       |       |     3 ||     3
         Tailslap          |       |       |     1 ||     1
   Cast: Sandblast         |    62 |    92 |     7 ||   161
         Stone Arrow       |       |     2 |    54 ||    56
  Evoke: Wand              |       |     5 |       ||     5
    Use: Potion            |     1 |     1 |     1 ||     3
   Stab: Sleeping          |     1 |     1 |       ||     2
         Paralysed         |       |     3 |       ||     3
 Armour: Robe              |    58 |    66 |    76 ||   200
  Dodge: Dodged            |    87 |    63 |    92 ||   242
  Block: Other             |    18 |    16 |    36 ||    70
